 Dungeon Crawl Stone Soup version 0.25-a0-701-gb30f108f01 (webtiles) character file.

Game seed: 12612984201604864076, levelgen mode: deterministic

897 MisterFreud the Nimble (level 7, 0/34 HPs)
             Began as a Felid Skald on Apr 3, 2020.
             Was a Believer of Fedhas.
             Slain by a worker ant (6 damage)
             ... on level 6 of the Dungeon.
             The game lasted 00:20:39 (7180 turns).

MisterFreud the Nimble (Felid Skald)                Turns: 7180, Time: 00:20:40

Health: 0/34       AC:  4    Str:  8    XL:     7   Next: 79%
Magic:  0/11       EV: 24    Int: 15    God:    Fedhas [**....]
Gold:   330        SH:  3    Dex: 16    Spells: 7/10 levels left
                                        Lives:  0   Deaths: 2

rFire    . . .     SeeInvis +     - Unarmed
rCold    . . .     Gourm    .   (shield unavailable)
rNeg     . . .     Faith    .   (armour unavailable)
rPois    .         Spirit   .   (helmet unavailable)
rElec    .         Reflect  +   (cloak unavailable)
rCorr    +         Harm     .   (gloves unavailable)
MR       +....                  (boots unavailable)
Stlth    ++++......             o - +3 amulet of reflection
HPRegen  0.11/turn              h - ring of resist corrosion
MPRegen  0.12/turn              p - ring of flight (curse)

@: shrouded (expiring), infused (expiring), quick
A: very small, no armour, no weapons or thrown items, stealth, claws 1, fangs 3,
horns 1, thin metallic scales 1, see invisible, carnivore, deterioration 1,
speed 1, shaggy fur 2, slow metabolism 1, sharp paws
a: Wall of Briars, Renounce Religion, Evoke Flight


You were on level 6 of the Dungeon.
You worshipped Fedhas.
Fedhas was pleased with you.
You were not hungry.

You visited 1 branch of the dungeon, and saw 6 of its levels.

You collected 330 gold pieces.

Inventory:

Jewellery
 h - a ring of resist corrosion (left paw)
 o - a +3 amulet of reflection (around neck)
 p - a cursed ring of flight (right paw)
Scrolls
 a - a scroll of fog {unknown}
 c - 5 scrolls of identify {unknown}
 d - 3 scrolls of remove curse
 e - 2 scrolls of magic mapping {unknown}
 f - a scroll of enchant weapon {unknown}
 g - a scroll of noise {unknown}
 j - 2 scrolls of teleportation {unknown}
 l - a scroll of immolation {unknown}
 n - a scroll of fear {unknown}
 q - a scroll of blinking {unknown}
Potions
 i - a potion of flight
 k - 2 potions of curing
 m - a potion of lignification {unknown}
Comestibles
 b - 5 rations


   Skills:
 + Level 5.7 Fighting
 + Level 8.2 Dodging
 - Level 6.1 Stealth
 + Level 5.7 Unarmed Combat
 - Level 2.0 Spellcasting
 - Level 3.6 Charms


You had 7 spell levels left.
You knew the following spells:

 Your Spells              Type           Power        Failure   Level  Hunger
a - Infusion              Chrm           ##..         4%          1    #......
b - Shroud of Golubria    Chrm/Tloc      #.....       16%         2    ###....

Your spell library contained the following spells:

 Spells                   Type           Power        Failure   Level  Hunger
 Song of Slaying          Chrm           ##......     8%          2    ###....
 Ozocubu's Armour         Chrm/Ice       #.......     32%         3    ###....
 Spectral Weapon          Hex/Chrm       Unusable     N/A         3    N/A

Dungeon Overview and Level Annotations

Branches:
Dungeon (6/15)             Temple (0/1) D:4

Altars:
Dithmenos
Fedhas
Kikubaaqudgha
Okawaru
Qazlal
Ru
Trog
Wu Jian

Shops:
D:6 *

Annotations:
D:4 1 runed translucent door, emiel's ghost, amateur CeWn
D:5 1 runed translucent door, p0werm0de's ghost, novice DDFi


Innate Abilities, Weirdness & Mutations

You cannot wear armour.
You are incapable of wielding weapons or throwing items.
Your paws allow you to move quietly. (Stealth)
You have sharp claws.
You have razor-sharp teeth.
You have supernaturally acute eyesight. (SInv)
You are carnivorous and can eat meat at any time.
You cover ground quickly.
You are covered in thick fur. (AC +2)
You have a slow metabolism.
Your sharp claws are effective at attacking unaware monsters.
You have a pair of small horns on your head.
You are partially covered in thin metallic scales. (AC +2)
Your body sometimes deteriorates upon taking damage.


Message History

You claw the giant cockroach!
You kill the giant cockroach!
Fedhas accepts your kill. The worker ant closely misses you.
You see here a giant cockroach corpse.
You scratch the worker ant. Your headbutt misses the worker ant.
You bite the worker ant.
The worker ant is moderately wounded.
Your magical infusion is running out.
The worker ant closely misses you.
You closely miss the worker ant.
The worker ant is moderately wounded.
The worker ant misses you.
You scratch the worker ant.
You headbutt the worker ant, but do no damage.
The worker ant is moderately wounded.
Your shroud begins to fray at the edges.
The worker ant bites you.
You die...
Fedhas appreciates your contribution to the ecosystem.

#...........#.......#..# ####.##
#...........#.......##.######...
#............#.#....##..........
#..........#.#.#.............###
#..........#....)(....######....
#..........#........#...# #####
#.........>#.(....#..#..## ##..
########......#a#.##.....####..#
####...#@#.#####.......##
#.........##.....#...#
#...#.##......#..#....
###...................
#..........##..)....
#.............(.....
#...###########..... #..##
##....... #..# ##..##....


You could see a worker ant.

Vanquished Creatures
  Grinder (D:6)
  Prince Ribbit (D:6)
  Edmund (D:5)
  A sky beast (D:5)
  2 phantoms
  An ogre (D:5)
  A bullfrog (D:6)
  A scorpion (D:4)
  2 orc priests (D:5)
  A centaur skeleton (D:5)
  An orc wizard (D:3)
  A worker ant (D:4)
  3 hound skeletons
  A worker ant zombie (D:6)
  8 gnolls
  8 adders
  A shadow imp (D:5)
  2 adder skeletons
  2 worms
  A dart slug (D:1)
  3 leopard geckos
  6 orcs
  2 ball pythons (D:3)
  4 bats
  3 giant cockroaches
  4 goblins
  9 hobgoblins
  A jackal (D:1)
  A quokka (D:3)
  9 frilled lizards
  7 kobolds
  5 rats
94 creatures vanquished.

Vanquished Creatures (collateral kills)
  A centaur (D:6)
1 creature vanquished.

Vanquished Creatures (others)
  A withered plant (D:5)
1 creature vanquished.

Grand Total: 96 creatures vanquished

Notes
Turn   | Place    | Note
-------+----------+-------------------------------------------
     0 | D:1      | MisterFreud the Felid Skald began the quest for the Orb.
     0 | D:1      | Reached XP level 1. HP: 9/9 MP: 4/4
   667 | D:1      | Reached XP level 2. HP: 13/13 MP: 6/6
   671 | D:1      | Learned a level 2 spell: Shroud of Golubria
  1348 | D:2      | Reached XP level 3. HP: 14/17 MP: 1/7
  2952 | D:3      | Reached skill level 1 in Stealth
  3011 | D:3      | Reached XP level 4. HP: 22/22 MP: 0/8
  3167 | D:3      | Gained mutation: You have a pair of small horns on your
                  | head. [potion of mutation]
  3167 | D:3      | Gained mutation: Your body sometimes deteriorates upon
                  | taking damage. [potion of mutation]
  3167 | D:3      | Gained mutation: You are partially covered in thin metallic
                  | scales. (AC +2) [potion of mutation]
  3167 | D:3      | Slain by an orc
  3168 | D:3      | Reached XP level 3. HP: 0/18 MP: 2/7
  3232 | D:3      | Found a faded altar of an unknown god.
  3247 | D:3      | Became a worshipper of Fedhas Madash
  3247 | D:3      | Reached * piety under Fedhas
  3300 | D:3      | Reached XP level 4. HP: 9/22 MP: 0/8
  3491 | D:4      | Reached skill level 4 in Dodging
  3581 | D:4      | Found a runed translucent door.
  3625 | D:4      | Noticed emiel's ghost (amateur CeWn)
  3670 | D:4      | Reached XP level 5. HP: 15/25 MP: 6/9
  4016 | D:3      | Found an ornate altar of the Wu Jian Council.
  4141 | D:4      | Found a staircase to the Ecumenical Temple.
  4590 | D:3      | Found a stormy altar of Qazlal.
  4679 | D:3      | Found an ancient bone altar of Kikubaaqudgha.
  5255 | D:4      | Reached skill level 5 in Dodging
  5269 | D:4      | Noticed a phantom
  5311 | D:4      | Killed a phantom
  5311 | D:4      | Gained mutation: You are covered in thick fur. (AC +2)
                  | [Felid growth]
  5311 | D:4      | Reached XP level 6. HP: 8/28 MP: 0/10
  5878 | D:5      | Entered Level 5 of the Dungeon
  5900 | D:5      | Found a sacrificial altar of Ru.
  5928 | D:5      | Reached skill level 6 in Dodging
  5936 | D:5      | Noticed a sky beast
  5956 | D:5      | Killed a sky beast
  5956 | D:5      | Reached ** piety under Fedhas
  6231 | D:5      | Found a sacrificial altar of Ru.
  6240 | D:5      | Noticed Edmund
  6257 | D:5      | Reached XP level 7. HP: 33/33 MP: 4/11
  6299 | D:5      | Killed Edmund
  6299 | D:5      | Reached skill level 5 in Stealth
  6462 | D:5      | Found a runed translucent door.
  6462 | D:5      | Noticed p0werm0de's ghost (novice DDFi)
  6585 | D:5      | Found a shadowy altar of Dithmenos.
  6689 | D:5      | Reached skill level 7 in Dodging
  6926 | D:5      | Found a bloodstained altar of Trog.
  6927 | D:5      | Found an iron altar of Okawaru.
  6944 | D:6      | Noticed Grinder
  6946 | D:6      | Killed Grinder
  6946 | D:6      | Reached skill level 5 in Fighting
  6946 | D:6      | Reached skill level 5 in Unarmed Combat
  6946 | D:6      | Reached XP level 8. HP: 37/37 MP: 12/12
  6981 | D:6      | Slain by a bullfrog
  6982 | D:6      | Reached XP level 7. HP: -4/33 MP: 4/11
  6982 | D:6      | Found Vahorie's Elemental Accessories.
  7111 | D:6      | Noticed Prince Ribbit
  7124 | D:6      | Killed Prince Ribbit
  7124 | D:6      | Reached skill level 8 in Dodging
  7180 | D:6      | Slain by a worker ant

Levels and vault maps discovered:
D:1:      psy_arrival_statuary, layout_basic, minmay_strange_pillars,
          minmay_misc_feat_tower
D:2:      layout_basic
D:3:      layout_loops_ring, nicolae_overflow_hidden_temple, old_standard_altar,
          kiku_gazebo_garden_becter, chequers_ecumenical_altar_simple_redux,
          grunt_ministairs_1, amethyst_killhole, saegor_snake_ambush
D:4:      layout_loops_corners, temple_green, first_ration,
          hellmonk_ghost_happy_afterlife
D:5:      layout_cave_pods, grunt_temple_overflow_bloody_war,
          grunt_dithmenos_smoke, overflow_temple_1_default,
          gammafunk_ghost_grave, basic_altar, uniq_edmund
D:6:      layout_rooms, nicolae_elemental_shop, uniq_grinder,
          uniq_prince_ribbit1, uniq_pikel

Skill      XL: |  1  2  3  4  5  6  7 |
---------------+----------------------+-----
Fighting       | 3 4 5 |  5.7
Stealth        | 2 3 4 6 |  6.1
Dodging        | 4 5 6 8 |  8.2
Unarmed Combat | 3 4 5 |  5.7
Spellcasting   | |  2.0
Charms         | |  3.6

Action                   |  1- 3 |  4- 6 |  7- 9 || total
-------------------------+-------+-------+-------++-------
Melee: Unarmed           |   158 |   204 |   111 ||   473
       Bite              |    13 |    15 |    13 ||    41
       Punch             |     2 |     3 |     1 ||     6
       Headbutt          |     3 |    24 |    28 ||    55
 Cast: Infusion          |    15 |    13 |     6 ||    34
       Shroud of Golubri |    16 |    19 |     6 ||    41
Invok: Wall of Briars    |       |       |     1 ||     1
  Use: Potion            |       |     1 |     2 ||     3
       Scroll            |       |     1 |       ||     1
 Stab: Sleeping          |     1 |     5 |     2 ||     8
       Distracted        |     1 |       |       ||     1
  Eat: Chunk             |    17 |     8 |     3 ||    28
Armor: Skin              |     9 |    11 |     3 ||    23
Dodge: Dodged            |   131 |   174 |    99 ||   404
Block: Other             |       |       |     3 ||     3

Table legend:
 A = Non-vault XP
 B = Vault XP
 C = Vault XP percentage of total XP
 D = Non-vault monster count
 E = Vault monster count
 F = Vault count percentage of total count
                 A         B        C        D         E       F
            +---------+---------+-------+---------+---------+-------
      Total |    1339 |     778 |  36.8 |      85 |      10 |  10.5
            +---------+---------+-------+---------+---------+-------
        D:1 |      18 |       0 |   0.0 |      13 |       0 |   0.0
        D:2 |      71 |       0 |   0.0 |      18 |       0 |   0.0
        D:3 |     145 |      34 |  19.0 |      25 |       6 |  19.4
        D:4 |     326 |       0 |   0.0 |      12 |       0 |   0.0
        D:5 |     564 |     190 |  25.2 |      13 |       2 |  13.3
        D:6 |     215 |     554 |  72.0 |       4 |       2 |  33.3
            +---------+---------+-------+---------+---------+-------
